← All builds
Geo sea / Cortex / Economy first / OBSERVED BUILD

Standard geo sea

Cortex Geo sea build order · Supreme Isthmus

The role's default economy-first play: bot lab then shipyard in the cove, quick frigate/submarine/destroyer navy to contest sea and hold the coast, transitioning into whatever the sea fight needs.

Usually shipyard in the cove (98%)

#naval #eco · 976 distinct matches · 100 players · 83% of Cortex Geo sea games · team won 52% of 1095 · Recently observed

HOW TO PLAY IT

Key timing: Shipyard by 3:18

  1. Open 3 mex, wind and solar, then Bot Lab.
  2. Get a BP and costal torpedo launcher up before the Shipyard.
  3. Put up Shipyard once you can defend it.
  4. Push out "submarine" and "frigate" to contest the sea.
  5. Add geothermal to fund the fleet transition into "destroyer", "missile corvette".

Phase by phase

TYPICAL OF ITS 976 GAMES
  1. 1
  2. 2
  3. 3
  4. 4
PLAY THE OPENING

Follow the example game's first 6:00 step by step: what to build now, what comes next, and where it goes. At 1× it keeps pace with your own game.

  1. 1

    Up to the Bot Lab

    Economy
    • Metal Extractor3Mex
    • Wind Turbine3Wind
    Order
    1. Bot LabBot Lab after 3 mex, 3 winddone ~1:12, middle half 1:06–1:26

    Some games also: wind for allies (49%)

    By 0:55 in all: 3 mex · 3 wind

    The example game in this phase · 3 steps
    1. Mex ×3
    2. Wind ×2
    3. Bot LabBot Labdone 1:10 · typical 1:12
  2. 2

    Bot Lab to Shipyard

    Economy
    • Metal Extractor1Mex
    • Wind Turbine2Wind
    Order
    1. ShipyardShipyard after 4 mex, 5 wind, 1 energy storagedone ~3:17, middle half 3:02–3:33
    Builders
    • Construction Bot3 Con bot
    • Graverobber2 Graverobber
    Army
    • Grunt1 Grunt

    Some games also: con turret (46%) · trasher (39%) · energy storage (34%) · wind for allies (32%)

    By 2:51 in all: 4 mex · 5 wind

    The example game in this phase · 10 steps
    1. Wind
    2. Construction BotCon bot
    3. Wind
    4. Construction BotCon bot ×2
    5. Mex
    6. GraverobberGraverobber ×2
    7. TrasherTrasher
    8. GraverobberGraverobber
    9. TrasherTrasher
    10. ShipyardShipyarddone 3:01 · typical 3:17
  3. 3

    Shipyard to 5:00

    Economy
    • Metal Extractor4Mex
    Builders
    • Construction Ship1 Con ship
    Army
    • Riptide2 Frigate
    • Orca1 Submarine
    Other
    • Radar Tower1 Radar Tower

    Some games also: Guard (49%) · wind (48%) · missile corvette (48%) · destroyer (46%) · gunboat (40%)

    By 5:00 in all: 8 mex · 6 wind · 1 energy storage · 1 con turret

    The example game in this phase · 18 steps
    1. GruntGrunt
    2. Mex
    3. GruntGrunt
    4. Construction ShipCon ship
    5. SupporterGunboat ×3
    6. Mex
    7. SupporterGunboat
    8. Mex
    9. SupporterGunboat ×5
    10. Mex
    11. SupporterGunboat
    12. Radar TowerRadar Tower
    13. OppressorDestroyerdone 4:41 · typical 5:52
    14. Wind
    15. Mex
    16. Death CavalryDeath Cavalry
    17. Wind
    18. Naval Radar / Sonar TowerNaval Radar / Sonar Tower
  4. 4

    5:00 to 10:00

    Economy
    • Metal Extractor2Mex
    • Wind Turbine8Wind
    • Energy Converter1Converter
    Builders
    • Construction Turret1 Con turret
    • Death Cavalry2 Death Cavalry
    • Construction Ship1 Con ship
    Army
    • Guard2 Guard
    • Riptide5 Frigate
    • Oppressor2 Destroyer
    Other
    • Naval Radar / Sonar Tower2 Naval Radar / Sonar Tower

    Some games also: geo (47%) · Thistle (40%) · submarine (34%)

    By 10:00 in all: 10 mex · 15 wind · 1 geo · 4 converter · 1 energy storage · 2 con turret

    The example game in this phase · 123 steps
    1. HerringMissile corvette
    2. Wind
    3. Naval Radar / Sonar TowerNaval Radar / Sonar Tower
    4. RiptideFrigatedone 5:36 · typical 4:35
    5. Con turret
    6. RiptideFrigate
    7. OrcaSubmarinenot finished by 15:00 · typical 4:19
    8. OppressorDestroyer
    9. Converter
    10. Mex
    11. Tidal
    12. HerringMissile corvette
    13. Death CavalryDeath Cavalry
    14. Wind
    15. Tidal
    16. Mex
    17. RiptideFrigate
    18. Wind
    19. Tidal
    20. Wind
    21. RiptideFrigate
    22. Wind
    23. Advanced Metal ExtractorT2 mexdone 8:47 · typical 9:22
    24. Tidal
    25. RiptideFrigate
    26. Wind ×2
    27. Con turret
    28. Wind
    29. Tidal
    30. Wind ×2
    31. Tidal
    32. Con turret
    33. Wind ×2
    34. RiptideFrigate
    35. Wind ×2
    36. Advanced Metal ExtractorT2 mex
    37. Wind ×2
    38. RiptideFrigate
    39. Wind ×2
    40. Naval Radar / Sonar TowerNaval Radar / Sonar Tower
    41. Wind
    42. RiptideFrigate
    43. Wind ×3
    44. RiptideFrigate
    45. Wind ×2
    46. Advanced Metal ExtractorT2 mex
    47. OppressorDestroyer
    48. Wind ×3
    49. Naval Radar / Sonar TowerNaval Radar / Sonar Tower
    50. Wind
    51. Death CavalryDeath Cavalry
    52. Wind ×2
    53. HerringMissile corvette
    54. Wind
    55. RiptideFrigate
    56. Wind
    57. Death CavalryDeath Cavalry
    58. HerringMissile corvette
    59. Construction ShipCon ship
    60. Wind
    61. Construction ShipCon ship
    62. Wind ×2
    63. Advanced ShipyardAdvanced Shipyarddone 12:16
    64. Wind
    65. Mex
    66. Construction ShipCon ship
    67. Wind ×2
    68. Advanced Metal ExtractorT2 mex
    69. Wind ×2
    70. Mex
    71. Con turret
    72. Radar TowerRadar Tower
    73. Con turret
    74. Tidal
    75. Advanced Construction SubAdvanced Construction Sub
    76. Tidal
    77. Con turret ×2
    78. Tidal
    79. Con turret
    80. Tidal
    81. PathfinderPathfinder
    82. Naval Construction Turret
    83. PathfinderPathfinder
    84. Naval Advanced Metal ExtractorNaval Advanced Metal Extractordone 13:29
    85. Tidal
    86. PathfinderPathfinder
    87. Wind
    88. DespotBattleshipdone 13:32
    89. Wind
    90. Advanced Metal ExtractorT2 mex
    91. Tidal
    92. Wind
    93. Exploiter
    94. Mex
    95. Naval Construction Turret
    96. Wind
    97. PhantasmRadar jammer ship
    98. Wind
    99. Naval Advanced Metal ExtractorNaval Advanced Metal Extractor
    100. Tidal
    101. Wind ×3
    102. Advanced Metal ExtractorT2 mex
    103. Naval Construction Turret
    104. Tidal
    105. Wind ×3
    106. Advanced ShipyardAdvanced Shipyarddone 14:39
    107. Wind
    108. Tidal
    109. Wind ×2
    110. Tidal
    111. Wind ×3
    112. BrimstoneAnti-swarm shipdone 14:33
    113. Wind ×2
    114. Naval Advanced Metal ExtractorNaval Advanced Metal Extractor
    115. BrimstoneAnti-swarm ship
    116. Wind ×2
    117. MaelstromMaelstromnot finished by 15:00
    118. HarpoonHarpoon
    119. Wind
    120. Tidal
    121. Wind
    122. JunoJuno
    123. Wind

Counts are medians over the build's games: half of them build more, half fewer. The example game is Cloud_'s (49 OS, 31/08/2026); pick another.

Team trades

IN AT LEAST 30% OF ITS GAMES

You hand over

  • Wind Turbine2 Wind to Airfirst at 1:48 · in 72% of games

You get

  • Finch1 Finch from Airfirst at 1:51 · in 83% of games
  • Hercules1 Light transport from Airfirst at 2:00 · in 75% of games
  • Advanced Construction Bot1 T2 con bot from Techfirst at 7:44 · in 89% of games

How it plays out

Typical game of this build, running totals by minute

Metal produced

010k20k30k
0:005:0010:0015:00

metal

Enemy metal destroyed

05k10k
0:005:0010:0015:00

metal

Own metal lost

02.5k5k7.5k
0:005:0010:0015:00

metal

1095 games.

Show as table
ByMetal produced: This buildEnemy metal destroyed: This buildOwn metal lost: This build
1:0039700
2:0092800
3:00156700
4:002900051
5:00410813052
6:005463440241
7:006945930551
8:0086091570904
9:001049124521351
10:001261236252061
11:001521948812901
12:001812163983761
13:002141473934451
14:002501686485371
15:002879197536300
WHAT THE NUMBERS SAY

Standard Cortex geo sea sits at an even 50% win rate, trading a slower start for a big resource lead by 15:00.

  • + Metal produced hits 28451 by 15:00, well above both front roles
  • + Own metal lost stays far below enemy metal destroyed at every checkpoint
  • − Only 50% team win rate, the lowest of these six builds
  • − T2 factory only completes in 40% of games by 12:53
THE EXAMPLE YOU ARE READING

Cloud_

48.6 OS · 31/08/2026

Open source match ↗

6 received units · includes a constructor
2107 metal received · 9608 energy received

Allied construction assistance is unknown. Timings are observations, not a promise of solo reproducibility.

Typical milestones

Bot Lab1:12Middle 50%: 1:06–1:26 · n=1084
Shipyard3:17Middle 50%: 3:02–3:33 · n=1089
Orca4:19Middle 50%: 3:54–5:00 · n=754
Riptide4:35Middle 50%: 4:08–5:20 · n=1063
Oppressor5:52Middle 50%: 5:08–6:35 · n=991
Geothermal Powerplant7:59Middle 50%: 7:01–9:00 · n=654
Advanced Metal Extractor9:22Middle 50%: 8:45–10:10 · n=940

Played most by

sirniho122games of this buildSHOGVN92games of this buildOptimusprimenutt84games of this buildPRO_Rerory47games of this buildhihimik41games of this build
Standard geo sea · Cortex Geo sea build order · BAR Build Atlas